 Dungeon Crawl Stone Soup version 0.29-a0-338-g1ff7896281 (webtiles) character file.

Game seed: 7530761808356868788

182 bande the Shield-Bearer (level 5, -2/33 HPs)
             Began as a Gargoyle Fighter on Apr 18, 2022.
             Slain by an orc priest
             ... wielding a +0 hand axe
              (3 damage)
             ... on level 3 of the Dungeon.
             The game lasted 00:02:44 (1890 turns).

bande the Shield-Bearer (Gargoyle Fighter)          Turns: 1890, Time: 00:02:44

Health: -2/33      AC: 12    Str: 19    XL:     5   Next: 62%
Magic:  5/5        EV: 10    Int:  9    God:
Gold:   97         SH:  4    Dex: 11    Spells: 4/4 levels left

rFire   . . .      SeeInvis .   a - +0 war axe
rCold   + . .      Faith    .   c - +0 buckler
rNeg    + . .      Spirit   .   l - +1 ring mail "Xued" {rElec rC+ Will+}
rPois   ∞          Reflect  .   (no helmet)
rElec   +          Harm     .   (no cloak)
rCorr   .          Rampage  .   g - +0 pair of gloves
Will    +....                   (no boots)
Stlth   +.........              (no amulet)
HPRegen 0.11/turn               (no ring)
MPRegen 0.09/turn               (no ring)

@: attractive
A: sickness immunity, AC +4, negative energy resistance 1, electricity
resistance, torment resistance 1, petrification resistance
a: no special abilities


You were on level 3 of the Dungeon.
You visited 1 branch of the dungeon, and saw 3 of its levels.

You collected 97 gold pieces.

Inventory:

Hand Weapons
 a - a +0 war axe (weapon)
Armour
 c - a +0 buckler (worn)
 g - a +0 pair of gloves (worn)
 l - the +1 ring mail "Xued" (worn) {rElec rC+ Will+}
   (You found it on level 2 of the Dungeon)

   rC:        It protects you from cold.
   rElec:     It insulates you from electricity.
   Will:      It increases your willpower.
Potions
 b - 2 potions of curing
 d - 3 potions of might
 h - a potion of attraction
 i - a potion of lignification {unknown}
 k - a potion of flight {unknown}
 m - a potion of degeneration {unknown}


   Skills:
 + Level 4.2 Fighting
 + Level 3.7 Axes
 + Level 3.7 Armour
 + Level 4.3 Shields


You had 4 spell levels left.
You didn't know any spells.
Your spell library contained the following spells:

 Spells                   Type           Power      Damage    Failure   Level
 Animate Skeleton         Necr           0%         N/A       65%         1
 Pain                     Necr           0%         1d4       65%         1
 Sting                    Tmut/Pois      0%         1d3       65%         1
 Poisonous Vapours        Pois/Air       0%         N/A       80%         2
 Vampiric Draining        Necr           0%         2d6       95%         3
 Olgreb's Toxic Radiance  Pois           0%         N/A       100%        4


Dungeon Overview and Level Annotations

Branches:
Dungeon (3/15)

Altars:
Makhleb


Innate Abilities, Weirdness & Mutations

You are immune to sickness and miasma.
Your stone body is resilient. (AC +4)
You are immune to poison.
You resist negative energy. (rN+)
You are resistant to electric shocks. (rElec)
You are resistant to unholy torment.
You are immune to petrification.


Message History

The quokka bites you but does no damage.
You closely miss the orc priest. You barely miss the orc wizard.
You closely miss the quokka. You block the orc wizard's attack.
The orc priest calls upon Beogh to heal the orc.
The orc's wounds heal themselves!
The quokka bites you but does no damage.
The orc hits you but does no damage.
The orc wizard hits you but does no damage.
The orc priest hits you but does no damage.
The quokka bites you but does no damage.
Unknown command.
You hit the orc priest.
The orc priest is moderately wounded.
You barely miss the quokka. You slash the orc!
You kill the orc!
You closely miss the orc wizard. The quokka barely misses you.
You block the orc wizard's attack.
The orc priest hits you with a +0 dagger.
You hit the orc priest but do no damage.
The orc priest is moderately wounded.
You hit the orc wizard. You barely miss the orc priest.
You closely miss the quokka. The quokka misses you.
The orc wizard casts a spell at you. The magic dart hits you.
* * * LOW HITPOINT WARNING * * *
The orc priest looks encouraged for a moment.
The orc priest hits you with a +0 hand axe!
* * * LOW HITPOINT WARNING * * *
You block the quokka's attack.
Unknown command.
You hit the orc priest.
The orc priest is lightly wounded.
You hit the quokka. You hit the orc priest. You hit the orc wizard.
The orc wizard hits you but does no damage.
You block the orc priest's attack. The orc priest misses you.
The quokka twitches its whiskers.
The quokka barely misses you. The orc priest barely misses you.
You block the orc wizard's attack.
The orc priest hits you with a +0 hand axe.
You die...

##..#####******,,,,,**,**,,,,>,,,
...## ***...##.********** .###
*..,...* * ##***
*.#...##*********
#,,,***********##.#.#...,,,,,,,,,
*,,,,,,,,,,,,,,.........,,,,,****
*,,,**********##......##****,,,**
*,,,* ####.or.....#* ***,,, *,,,*
##....@o......* *****,* *****
####..#..#o......* *,,,,,*
#######....##.##.......***,*****
#.......#####.#*#.....#*,,<*
##.####### *..#**......,,*******
#..# *#.##*,......*** *,,, #.##
*..* *,<.....* *,,, #.##
*#.#***,,.....******,,, ...#
*..,,,,,,,,,,,,,,,,,,,,


You could see 2 orc priests, an orc wizard and a quokka.

Vanquished Creatures
  Natasha (thrice) (D:2)
  3 gnolls (D:2)
  3 adders (D:2)
  5 orcs (D:3)
  3 ball pythons (D:2)
  3 endoplasms (D:2)
  A giant cockroach (D:1)
  4 goblins
  4 hobgoblins
  7 jackals
  2 quokkas
  A frilled lizard (D:2)
  4 kobolds
  3 rats
46 creatures vanquished.

Notes
Turn   | Place    | Note
-------+----------+-------------------------------------------
     0 | D:1      | bande the Gargoyle Fighter began the quest for the Orb.
     0 | D:1      | Reached XP level 1. HP: 14/14 MP: 1/1
   306 | D:1      | Found a faded altar of an unknown god.
   358 | D:1      | Reached XP level 2. HP: 19/19 MP: 2/2
   736 | D:2      | Reached XP level 3. HP: 21/24 MP: 3/3
   957 | D:2      | Noticed Natasha
   963 | D:2      | Killed Natasha
   964 | D:2      | Reached XP level 4. HP: 29/29 MP: 4/4
   971 | D:2      | Identified the +1 ring mail "Xued" {rElec rC+ Will+}
   978 | D:2      | Noticed Natasha
   990 | D:2      | Killed Natasha
  1024 | D:2      | Noticed Natasha
  1038 | D:2      | Killed Natasha
  1039 | D:2      | Reached XP level 5. HP: 17/33 MP: 5/5
  1332 | D:2      | Found a burning altar of Makhleb.
  1889 | D:3      | HP: 1/33 [orc priest/+0 hand axe (7)]
  1890 | D:3      | Slain by an orc priest

Illustrated notes

Levels and vault maps discovered:
D:1:      dpeg_arrival_boxes_within_box, layout_basic,
          shapermc_ecumenical_altar_flowoftime
D:2:      layout_basic, basic_altar, uniq_natasha
D:3:      layout_rooms

Skill      XL: |  1  2  3  4 |
---------------+-------------+-----
Axes           | 2 3 |  3.7
Shields        | 4 |  4.3
Fighting       | 4 |  4.2
Armour         | |  3.7

Action                   |  1- 3 |  4- 6 || total
-------------------------+-------+-------++-------
Melee: War axe           |    73 |    62 ||   135
  Use: Scroll            |     3 |     3 ||     6
       Potion            |       |     2 ||     2
Armor: Scale mail        |    57 |     4 ||    61
       Ring mail         |       |    43 ||    43
Dodge: Dodged            |    40 |    49 ||    89
Block: Buckler           |    17 |    22 ||    39

Table legend: (Time is in decaauts)
 A = Elapsed time spent in this place.
 B = Non-inter-level travel time spent in this place.
 C = Inter-level travel time spent in this place.
 D = Time resting spent in this place.
 E = Time spent auto-exploring this place.
 F = Levels seen in this place.
 G = Mean time per level.
                   A        B        C        D        E       F      G
               +--------+--------+--------+--------+--------+-----+--------+
         Total |   1950 |   1950 |      0 |    245 |   1293 |   3 |  650.0 |
       Dungeon |   1950 |   1950 |      0 |    245 |   1293 |   3 |  650.0 |
               +--------+--------+--------+--------+--------+-----+--------+

Top non-repeatable levels by time:
     D:2: 1166 daAuts
     D:1: 683 daAuts
     D:3: 99 daAuts
